 Dungeon Crawl Stone Soup version 0.16.1-30-g34a7ffa (webtiles) character file.

156 RepoMan the Magician (level 5, -1/36 (38) HPs)
             Began as a Ghoul Wizard on June 23, 2015.
             Killed by divine providence
             ... invoked by an orc priest
              (10 damage)
             ... on level 4 of the Dungeon.
             The game lasted 00:32:30 (2976 turns).

RepoMan the Magician (Ghoul Wizard)                 Turns: 2976, Time: 00:32:31

HP:   -1/36 (38)    AC:  3    Str: 11    XL:     5   Next: 38%
MP:   3/10          EV: 17    Int: 14    God:
Gold: 94            SH:  0    Dex: 12    Spells: 4 memorised, 3 levels left

rFire  . . .     SeeInvis .     (no weapon)
rCold  + . .     Clarity  .     r - +0 robe
rNeg   + + +     SustAb   .     (no shield)
rPois  ∞         Gourm    .     b - +1 hat
rElec  .         Spirit   .     (no cloak)
rCorr  .         Warding  .     (no gloves)
rMut   +         Stasis   .     (no boots)
MR     .....                    g - amulet of resist mutation
Stlth  +++.......               (no ring)
                                (no ring)

@: agile, rotting, not resistant to hostile enchantments, fairly stealthy
A: rotting body, claws 1, carnivore 3, cold resistance 1, negative energy
resistance 3, poison resistance, slow healing 1, torment resistance, unbreathing
a: no special abilities


You were on level 4 of the Dungeon.
You were not hungry.

You visited 1 branch of the dungeon, and saw 4 of its levels.

You collected 94 gold pieces.

Inventory:

Missiles
 p - 18 steel sling bullets
Armour
 b - a +1 hat (worn)
 r - a +0 robe (worn)
Jewellery
 g - an amulet of resist mutation (around neck)
 q - an uncursed ring of protection from cold {unknown}
Scrolls
 h - a scroll of fear {unknown}
 i - a scroll of random uselessness {unknown}
 j - 3 scrolls of identify {unknown}
 m - a scroll of blinking {unknown}
Potions
 d - a potion of agility
 f - a potion of heal wounds {unknown}
 n - a potion of haste {unknown}
Books
 c - a book of Minor Magic

   Spells                             Type                      Level
   a - Magic Dart                     Conjuration                  1
   b - Blink                          Translocation                2
   c - Call Imp                       Summoning                    2
   d - Repel Missiles                 Charms/Air                   2
   e - Slow                           Hexes                        2
   f - Conjure Flame                  Conjuration/Fire             3
   g - Mephitic Cloud                 Conjuration/Poison/Air       3
Comestibles
 l - 2 meat rations


   Skills:
 - Level 1.7 Dodging
 - Level 2.1 Stealth
 + Level 3.6 Spellcasting
 * Level 3.3 Conjurations
 - Level 0.8 Summonings
 - Level 0.8 Translocations


You had 3 spell levels left.
You knew the following spells:

 Your Spells              Type           Power        Failure   Level  Hunger
a - Magic Dart            Conj           ##..         6%          1    None
b - Blink                 Tloc           N/A          24%         2    ##.....
c - Call Imp              Summ           #.......     24%         2    ##.....
d - Conjure Flame         Conj/Fire      #.......     30%         3    ###....


Dungeon Overview and Level Annotations

Branches:
Dungeon (4/15)
 Temple: D:4-7

Altars:

Annotations:
D:2 Jessica, Sigmund
D:3 CryEE's ghost, experienced GrFi


Innate Abilities, Weirdness & Mutations

Your body is rotting away.
You thrive on raw meat.
You have sharp fingernails.
You are carnivorous and can eat meat at any time.
Your flesh is cold resistant.
You are immune to negative energy.
Your system is resistant to poisons.
You heal slowly when monsters are visible.
You are immune to unholy pain and torment.
You can survive without breathing.


Message History

The orc dies!
Eat which item? (? for menu, Esc to quit)
That beef jerky was jerk-a-riffic!
You start resting.
Your white imp disappears in a puff of smoke!
Your crimson imp is smitten. x2
Your crimson imp dies!
The orc priest closely misses you.
Your magical contamination has completely faded away.
Read which item? (? for menu, Esc to quit)
As you read the scroll labeled TISAIXZIUMO, it crumbles to dust.
It is a scroll of enchant armour.
Enchant which item? (? for menu, Esc to quit)
Your +0 hat glows green for a moment.
Drink which item? (? for menu, Esc to quit)
It was a potion of agility.
You feel agile all of a sudden.
The orc priest calls down the wrath of Beogh upon you.
Something smites you!
You die...

....##)...# #.###.(.# ###.##
...##.....## ##.# ##..# #..#
..##...(...###..####..# ##.##
..#.........#.........# #..#
.............[........## ##..##
...............####....####>...#
...............####...........##
.............[o##..###..##...#
#.......##....@..## #..#....#
....####.....## #.#......# ...
#..#..# ..#......# .# #..##...#
#.##......# #..###.......
#......# .... ........ .......#
..# ...##.### ...... . ...# .. .
..... ..#


You could see an orc priest.

Vanquished Creatures
  2 orc wizards (D:4)
  3 adders
  An ooze (D:3)
  6 orcs
  A giant cockroach (D:1)
  6 hobgoblins
  3 jackals (D:1)
  A ball python (D:3)
  5 bats
  A giant newt (D:1)
  8 goblins
  7 kobolds
  A quokka (D:3)
  7 rats
52 creatures vanquished.

Vanquished Creatures (collateral kills)
  An iguana (D:4)
  2 adders
  2 orcs (D:4)
  A giant cockroach (D:1)
  5 jackals
  A kobold (D:3)
  A rat (D:1)
13 creatures vanquished.

Vanquished Creatures (others)
  A crimson imp (D:4)
  A shadow imp (D:4)
  2 white imps
4 creatures vanquished.

Grand Total: 69 creatures vanquished

Notes
Turn   | Place    | Note
--------------------------------------------------------------
     0 | D:1      | RepoMan, the Ghoul Wizard, began the quest for the Orb.
     0 | D:1      | Reached XP level 1. HP: 14/14 MP: 3/3
    77 | D:1      | Reached skill level 1 in Conjurations
   215 | D:1      | Reached XP level 2. HP: 20/20 MP: 3/5
   219 | D:1      | Learned a level 2 spell: Blink
   222 | D:1      | Learned a level 2 spell: Call Imp
   718 | D:1      | Reached XP level 3. HP: 24/26 MP: 2/6
   819 | D:1      | Reached skill level 3 in Spellcasting
  1341 | D:2      | Noticed Jessica
  1538 | D:2      | Noticed Sigmund
  1814 | D:3      | Reached XP level 4. HP: 29/33 MP: 3/8
  2056 | D:3      | Noticed CryEE's ghost (experienced GrFi)
  2061 | D:3      | Learned a level 3 spell: Conjure Flame
  2779 | D:4      | Reached XP level 5. HP: 32/38 MP: 0/10
  2976 | D:4      | Killed from afar by an orc priest

Action                   |  1- 3 |  4- 6 || total
-------------------------+-------+-------++-------
Melee: Unarmed           |    56 |    65 ||   121
 Cast: Magic Dart        |    84 |    32 ||   116
       Call Imp          |     7 |    10 ||    17
       Conjure Flame     |       |     1 ||     1
       Blink             |       |     1 ||     1
  Use: Potion            |     1 |     3 ||     4
       Scroll            |       |     1 ||     1
  Eat: Chunk             |     8 |     3 ||    11
       Beef jerky        |       |     1 ||     1
